 Dungeon Crawl Stone Soup version 0.18-a0-1481-g708b138 (webtiles) character file.

115 uiiiytp the Grave Robber (level 5, -6/35 HPs)
             Began as a Human Necromancer on Mar 2, 2016.
             Mangled by a gnoll
             ... wielding a +0 whip
              (8 damage)
             ... on level 4 of the Dungeon.
             The game lasted 00:32:21 (3649 turns).

uiiiytp the Grave Robber (Human Necromancer)        Turns: 3649, Time: 00:32:21

Health: -6/35      AC:  3    Str:  8    XL:     5   Next: 20%
Magic:  1/10       EV: 12    Int: 17    God:
Gold:   103        SH:  0    Dex: 13    Spells: 3 memorised, 5 levels left

rFire  . . .     SeeInvis .     e - +0 short sword
rCold  . . .     Gourm    .     m - +0 robe
rNeg   . . .     Faith    .     (no shield)
rPois  .         Spirit   .     (no helmet)
rElec  .         Dismiss  .     (no cloak)
rCorr  .         Reflect  .     P - +0 pair of gloves
SustAt .         Harm     .     (no boots)
MR     .....                    (no amulet)
Stlth  ++........               (no ring)
                                (no ring)

@: very slightly contaminated, not resistant to hostile enchantments, unstealthy
A: no striking features
a: no special abilities


You were on level 4 of the Dungeon.
You were not hungry.

You visited 1 branch of the dungeon, and saw 4 of its levels.

You collected 103 gold pieces.

Inventory:

Hand Weapons
 c - a +0 hand axe
 e - a +0 short sword (weapon)
 g - a +0 dagger
 h - a +0 club
 l - a +0 whip
 n - a +0 club
 p - a +0 club
 r - a +0 club
 v - a +0 club
 y - a +0 club
 B - a +0 club
 D - a +0 hand axe
 E - a cursed -2 club
 F - a +1 falchion of holy wrath
 G - a +0 flail
 I - a +0 club
 J - a +0 club
 M - a +0 dagger
Missiles
 j - 51 arrows
 k - 90 stones (quivered)
 C - 3 large rocks
Armour
 a - a +0 robe
 d - a +0 chain mail
 i - a +0 ring mail
 m - a +0 robe (worn)
 H - a +0 ring mail
 P - a +0 pair of gloves (worn)
Wands
 A - a wand of acid (8/15)
Scrolls
 o - 3 scrolls of remove curse {unknown}
 q - a scroll of enchant weapon {unknown}
 s - 5 scrolls of identify {unknown}
 w - a scroll of enchant armour {unknown}
 x - a scroll of fear {unknown}
 z - a scroll of teleportation {unknown}
 K - 2 scrolls of magic mapping {unknown}
 O - a scroll of fog {unknown}
Potions
 L - a potion of cure mutation {unknown}
Books
 b - a book of Necromancy

   Spells                             Type                      Level
   a - Pain                           Necromancy                   1
   b - Animate Skeleton               Necromancy                   1
   c - Vampiric Draining              Necromancy                   3
   d - Regeneration                   Charms/Necromancy            3
   e - Animate Dead                   Necromancy                   4
   f - Control Undead                 Necromancy                   4
Comestibles
 f - 4 fruits
 t - a meat ration
 N - a bread ration


   Skills:
 + Level 0.2 Fighting
 + Level 2.1 Dodging
 + Level 2.0 Stealth
 + Level 3.4 Spellcasting
 + Level 5.1 Necromancy


You had 5 spell levels left.
You knew the following spells:

 Your Spells              Type           Power        Failure   Level  Hunger
a - Pain                  Necr           ###.         2%          1    None
b - Animate Skeleton      Necr           N/A          2%          1    None
c - Vampiric Draining     Necr           ###.......   10%         3    ###....


Dungeon Overview and Level Annotations

Branches:
Dungeon (4/15)
 Temple: D:4-7

Altars:
Fedhas
Okawaru

Annotations:
D:2 Sigmund


Message History

The gnoll closely misses you.
Drink which item? (? for menu, Esc to quit)
You feel better. The gnoll barely misses you.
The gnoll hits you from afar with a spear.
The gnoll hits you from afar with a spear.
The gnoll barely misses you.
You barely miss the gnoll.
The gnoll hits you from afar with a spear.
The gnoll barely misses you. The gnoll hits you with a whip.
You hit the gnoll.
The gnoll is moderately wounded.
The gnoll closely misses you. The gnoll barely misses you.
The gnoll hits you with a whip.
* * * LOW HITPOINT WARNING * * *
The gnoll hits you but does no damage. The gnoll barely misses you. x2
The gnoll hits you from afar with a spear!
* * * LOW HITPOINT WARNING * * *
The gnoll barely misses you. The gnoll hits you with a whip!
You die...

........##.#
........##.#
........##.#
........##.#
>........#<#
.........#.###
.........gg..###
#..#######g#...#
# #.@....##
#.....####
##....# ...#..#
#.####.# ... #..
#.# #.# ## #.#


You could see 2 gnolls.

Vanquished Creatures
  4 adders
  A worm (D:3)
  A giant gecko (D:3)
  4 orcs (D:3)
  7 bats
  3 giant cockroaches
  8 goblins
  8 hobgoblins
  2 quokkas
  6 giant newts
  3 kobolds
  3 rats
50 creatures vanquished.

Vanquished Creatures (collateral kills)
  An adder (D:2)
  A worm (D:2)
  A dart slug (D:2)
  A giant gecko (D:1)
  An orc (D:3)
  A bat (D:1)
  A quokka (D:3)
  A giant newt (D:1)
  2 goblins
  A kobold (D:1)
  A rat (D:2)
12 creatures vanquished.

Grand Total: 62 creatures vanquished

Notes
Turn   | Place    | Note
--------------------------------------------------------------
     0 | D:1      | uiiiytp the Human Necromancer began the quest for the Orb.
     0 | D:1      | Reached XP level 1. HP: 13/13 MP: 3/3
    19 | D:1      | Learned a level 1 spell: Animate Skeleton
   498 | D:1      | Reached XP level 2. HP: 19/19 MP: 3/5
   973 | D:1      | Reached XP level 3. HP: 24/24 MP: 4/6
  1341 | D:1      | Learned a level 3 spell: Vampiric Draining
  1758 | D:2      | Found an iron altar of Okawaru.
  1760 | D:2      | Found a blossoming altar of Fedhas.
  1914 | D:2      | Reached XP level 4. HP: 26/30 MP: 4/8
  2231 | D:2      | Noticed Sigmund
  2701 | D:3      | Reached skill level 5 in Necromancy
  2930 | D:3      | Reached XP level 5. HP: 25/35 MP: 1/9
  3649 | D:4      | Mangled by a gnoll

Vault maps used:
D:1:      co_arrival_square_in_a_square_in_a_square, minmay_misc_feat_square
D:2:      nicolae_overflow_hidden_temple, grunt_temple_overflow_open,
          first_bread, uniq_sigmund
D:4:      kennysheep_goblin_castle, minitemple, nicolae_ru_the_path_less_chosen

Skill      XL: |  1  2  3  4 |
---------------+-------------+-----
Spellcasting   | 3 |  3.4
Necromancy     | 5 |  5.1
Fighting       | |  0.2
Dodging        | |  2.1
Stealth        | |  2.0

Action                   |  1- 3 |  4- 6 || total
-------------------------+-------+-------++-------
Melee: Short sword       |       |    16 ||    16
Throw: Stone             |     2 |       ||     2
 Cast: Pain              |    44 |    48 ||    92
       Animate Skeleton  |    14 |     8 ||    22
       Vampiric Draining |     4 |     3 ||     7
  Use: Scroll            |     1 |       ||     1
       Potion            |     2 |     1 ||     3
  Eat: Chunk             |     4 |     1 ||     5
       Bread ration      |       |     1 ||     1
